 Dungeon Crawl Stone Soup version 0.18-a0-1797-gc18daef (webtiles) character file.

604 epen the Insei (level 7, -2/49 HPs)
             Began as an Octopode Monk on Apr 22, 2016.
             Slain by a sky beast (5 damage)
             ... on level 5 of the Dungeon.
             The game lasted 00:06:16 (4004 turns).

epen the Insei (Octopode Monk)                      Turns: 4004, Time: 00:06:17

Health: -2/49      AC:  1    Str: 11    XL:     7   Next: 42%
Magic:  25/25      EV: 16    Int: 11    God:
Gold:   197        SH:  0    Dex: 18    Spells: 0 memorised, 6 levels left

rFire  . . .     SeeInvis .       - Unarmed
rCold  . . .     Gourm    .     (no shield)
rNeg   . . .     Faith    .     (helmet restricted)
rPois  .         Spirit   .     (no amulet)
rElec  .         Dismiss  .     e - ring of magical power
rCorr  .         Reflect  .     f - ring of magical power
SustAt .         Harm     .     h - ring of wizardry
MR     .....                    m - +3 ring of strength
Stlth  +++++.....               (no ring)
                                (no ring)
                                (no ring)
                                (no ring)

@: not resistant to hostile enchantments, quite stealthy
A: almost no armour, amphibious, 8 rings, constrict 8, camouflage 1, agile 1,
dopey 1, weak 1, gelatinous body 1
a: no special abilities


You were on level 5 of the Dungeon.
You were hungry.

You visited 1 branch of the dungeon, and saw 5 of its levels.

You collected 197 gold pieces.

Inventory:

Jewellery
 e - a ring of magical power (left tentacle)
 f - a ring of magical power (right tentacle)
 h - a ring of wizardry (on tentacle)
 m - a +3 ring of strength (on tentacle)
Scrolls
 d - 3 scrolls of identify
 i - 2 scrolls of remove curse
Potions
 k - 3 potions of curing
 l - a potion of heal wounds
Comestibles
 a - 2 bread rations
 g - a beef jerky
 j - a meat ration


   Skills:
 + Level 4.4 Fighting
 * Level 5.4 Dodging
 + Level 5.4 Stealth
 * Level 5.8 Unarmed Combat


You had 6 spell levels left.
You didn't know any spells.

Dungeon Overview and Level Annotations

Branches:
Dungeon (5/15)
 Temple: D:4-7

Altars:
Makhleb


Innate Abilities, Weirdness & Mutations

You cannot wear most types of armour.
You are amphibious.
You can wear up to eight rings at the same time.
You can use your tentacles to constrict eight enemies at once.
Your skin changes colour to match your surroundings (Stealth).
Your rubbery body absorbs attacks (AC +1).
You are agile. (Dex +2)
You are dopey. (Int -2)
You are weak. (Str -2)


Message History

Something hits you. Something shocks you.
No target in view!
You closely miss something. You miss something. You tentacle-slap something.
Your squeeze misses something. Something hits you. Something shocks you.
You barely miss something. You squeeze something. Something hits you.
Something shocks you.
* * * LOW HITPOINT WARNING * * *
You closely miss something. You squeeze something. Something hits you.
* * * LOW HITPOINT WARNING * * *
Something shocks you.
* * * LOW HITPOINT WARNING * * *
A sky beast appears from thin air!
Reactivating autopickup.
You tentacle-slap the sky beast. Your squeeze misses the sky beast.
The sky beast is almost dead.
The sky beast hits you.
* * * LOW HITPOINT WARNING * * *
The sky beast shocks you.
You die...

#.#
#.##############
#.#.......<....#
#.#.##########.#
#.#.# ###....#
#≈#.# #......#
#.#.# #.#....#
#Y#.# #.##.#.#
#@#.# #.##....#
#.#.#####.##......
#.........###...##
###............##
##############


You could see a sky beast.

Vanquished Creatures
  An ogre (D:4)
  A howler monkey (D:4)
  3 hounds
  An orc priest (D:3)
  A giant frog skeleton (D:4)
  An iguana (D:4)
  5 orc wizards
  6 adders
  3 oozes
  A worm (D:3)
  A dart slug (D:1)
  2 giant geckos (D:1)
  12 orcs
  5 giant cockroaches
  6 goblins
  8 hobgoblins
  12 jackals
  7 kobolds
  2 quokkas
  2 ball pythons (D:2)
  10 bats
  A giant gecko skeleton (D:4)
  7 giant newts
  13 rats
111 creatures vanquished.

Notes
Turn   | Place    | Note
--------------------------------------------------------------
     0 | D:1      | epen the Octopode Monk began the quest for the Orb.
     0 | D:1      | Reached XP level 1. HP: 16/16 MP: 1/1
   185 | D:1      | Reached XP level 2. HP: 21/21 MP: 2/2
   294 | D:1      | Reached XP level 3. HP: 22/26 MP: 3/3
  1120 | D:2      | Reached XP level 4. HP: 31/31 MP: 4/4
  1746 | D:3      | Gained mutation: You are agile. (Dex +2) [potion of mutation]
  1746 | D:3      | Gained mutation: You are weak. (Str -2) [potion of mutation]
  1746 | D:3      | Gained mutation: You are dopey. (Int -2) [potion of mutation]
  1803 | D:3      | Reached XP level 5. HP: 18/36 MP: 5/5
  2346 | D:3      | Reached XP level 6. HP: 38/43 MP: 6/6
  2354 | D:3      | Reached skill level 5 in Unarmed Combat
  2786 | D:3      | Found a burning altar of Makhleb.
  3303 | D:4      | Reached skill level 5 in Stealth
  3311 | D:4      | Reached skill level 5 in Dodging
  3445 | D:4      | Reached XP level 7. HP: 45/48 MP: 7/7
  3964 | D:5      | Entered Level 5 of the Dungeon
  4004 | D:5      | Slain by a sky beast

Vault maps used:
D:1:      kilobyte_arrival_exit_the_forest
D:3:      makhleb_heckhound_becter
D:4:      st_stairs_9, wad_rectangle_vault
D:5:      corexii_shack_village, kennysheep_mini_moat, first_bread

Skill      XL: |  1  2  3  4  5  6 |
---------------+-------------------+-----
Stealth        | 3 4 5 |  5.4
Dodging        | 4 5 |  5.4
Unarmed Combat | 5 |  5.8
Fighting       | 4 |  4.4

Action                   |  1- 3 |  4- 6 |  7- 9 || total
-------------------------+-------+-------+-------++-------
Melee: Unarmed           |    77 |   135 |    42 ||   254
       Constrict         |    20 |    36 |     7 ||    63
       Tentacles         |    13 |    31 |    11 ||    55
       Punch             |     3 |     4 |     3 ||    10
  Use: Scroll            |       |     8 |     3 ||    11
       Potion            |       |     1 |       ||     1
 Stab: Sleeping          |    13 |    14 |     3 ||    30
       Distracted        |     1 |     1 |       ||     2
  Eat: Chunk             |       |     8 |     1 ||     9
Armor: Skin              |     5 |     7 |       ||    12
Dodge: Dodged            |    36 |    52 |    24 ||   112
